 Dungeon Crawl Stone Soup version 0.16.1-51-g6203257 (webtiles) character file.

17 Iskender the Scratcher (level 2, 0/14 HPs)
             Began as a Felid Chaos Knight on July 14, 2015.
             Succumbed to an adder's poison
             ... on level 2 of the Dungeon.
             The game lasted 00:07:49 (1038 turns).

Iskender the Scratcher (Felid Chaos Knight)         Turns: 1038, Time: 00:07:49

Health: 0/14       AC:  1    Str:  8    XL:     2   Next: 44%
Magic:  3/3        EV: 18    Int: 13    God:    Xom [....*.]
Gold:   86         SH:  0    Dex: 15    Spells: 0 memorised, 1 level left
                                        Lives:  0   Deaths: 0

rFire  . . .     SeeInvis +       - Unarmed
rCold  . . .     Clarity  .     (armour unavailable)
rNeg   . . .     SustAb   .     (shield unavailable)
rPois  .         Gourm    .     (helmet unavailable)
rElec  .         Spirit   .     (cloak unavailable)
rCorr  .         Warding  .     (gloves unavailable)
rMut   .         Stasis   .     (boots unavailable)
MR     .....                    (no amulet)
Stlth  +++.......               (no ring)
                                (no ring)

@: lethally poisoned (0 -> -5), very slightly contaminated, hasted, very quick,
not resistant to hostile enchantments, fairly stealthy
A: paw claws, no armour, no weapons or thrown items, fangs 3, see invisible,
carnivore 3, speed 1, shaggy fur 1, slow metabolism 1, sharp paws
a: Renounce Religion


You were on level 2 of the Dungeon.
You worshipped Xom.
You were a beloved toy of Xom.
You were very full.

You visited 1 branch of the dungeon, and saw 2 of its levels.

You collected 86 gold pieces.

Inventory:

Missiles
 d - 27 stones
Scrolls
 a - 3 scrolls of identify {unknown}
 e - 2 scrolls of noise {unknown}
Comestibles
 b - a beef jerky
 c - a meat ration


   Skills:
 - Level 3.0 Fighting
 - Level 3.2 Dodging
 - Level 2.6 Stealth
 + Level 3.3 Unarmed Combat


You had one spell level left.
You didn't know any spells.

Dungeon Overview and Level Annotations

Branches:
Dungeon (2/15)

Altars:
Sif Muna


Innate Abilities, Weirdness & Mutations

You cannot wear armour.
You are incapable of wielding weapons or throwing items.
You have razor-sharp teeth.
You have supernaturally acute eyesight.
You are carnivorous and can eat meat at any time.
You cover ground quickly.
You are covered in fur (AC +1).
You have a slow metabolism.
Your paws have sharp claws that are effective at stabbing.


Message History

The hobgoblin hits you with a club.
A shower of butterflies erupts from you!
You swap places.
The hobgoblin is no longer bleeding.
The hobgoblin misses your butterfly.
You closely miss the adder. The adder closely misses you. The adder bites you.
* * * LOW HITPOINT WARNING * * *
You are lethally poisoned!
The adder poisons you!
Drink which item? (? for menu, Esc to quit)
It was a potion of restore abilities.
You feel your dexterity returning.
Xom roars with laughter!
* * * LOW HITPOINT WARNING * * *
You feel sick. The adder misses you.
Drink which item? (? for menu, Esc to quit)
It was a potion of haste.
You feel yourself speed up. The adder bites you.
* * * LOW HITPOINT WARNING * * *
You are very lightly contaminated with residual magic.
You die...
Xom cackles wildly!

#.# #...###.##.#.#
#.###....##.#....#
#......_.......###
###.##....####.#
#.###...# #..#
#.###.### #.##
#...S.# #.#
#####.#####.#
#.@<....#
#########


You could see an adder.

Vanquished Creatures
  A giant cockroach (D:1)
  4 goblins (D:1)
  3 hobgoblins (D:1)
  2 bats
  A giant newt (D:1)
  3 kobolds (D:1)
  A rat (D:1)
15 creatures vanquished.

Vanquished Creatures (others)
  A butterfly (D:2)
1 creature vanquished.

Grand Total: 16 creatures vanquished

Notes
Turn   | Place    | Note
--------------------------------------------------------------
     0 | D:1      | Iskender, the Felid Chaos Knight, began the quest for the Orb.
     0 | D:1      | Reached XP level 1. HP: 10/10 MP: 2/2
   297 | D:1      | Reached skill level 1 in Stealth
   470 | D:1      | Reached XP level 2. HP: 14/14 MP: 3/3
   512 | D:1      | XOM: harmless Ice miscast
   697 | D:1      | XOM: summons 1 hostile demon
   912 | D:2      | Found a deep blue altar of Sif Muna.
   969 | D:2      | XOM: stat loss: -1 Dex (14/15)
  1008 | D:2      | XOM: butterfly on damage
  1038 | D:2      | Succumbed to an adder's poison

Action                   || total
-------------------------++-------
Melee: Unarmed           ||    35
  Use: Potion            ||     3
 Stab: Sleeping          ||     4
  Eat: Chunk             ||     5
